 Dungeon Crawl Stone Soup version 0.27.0-1-g7a089689b8 (webtiles) character file.

Game seed: 3668686916642614241

4281 inmateoo the Insei (level 10, -2/67 HPs)
             Began as an Octopode Transmuter on Aug 2, 2021.
             Was a Believer of Cheibriados.
             Hit by a boomerang thrown by a goblin (4 damage)
             ... on level 9 of the Dungeon.
             The game lasted 00:13:12 (11306 turns).

inmateoo the Insei (Octopode Transmuter)           Turns: 11306, Time: 00:13:12

Health: -2/67      AC:  2    Str: 15    XL:     10   Next: 32%
Magic:  14/18      EV: 28    Int: 24    God:    Cheibriados [**....]
Gold:   458        SH:  0    Dex: 25    Spells: 4/20 levels left

rFire    . . .     SeeInvis .     - Unarmed
rCold    . . .     Faith    .   (shield currently unavailable)
rNeg     . . .     Spirit   .   (helmet currently unavailable)
rPois    x         Reflect  .   (no amulet)
rElec    .         Harm     .   f - +4 ring of evasion
rCorr    .         Rampage  .   p - ring of flight
Will     .....                  (no ring)
Stlth    ++........             (no ring)
HPRegen  0.21/turn              (no ring)
MPRegen  0.16/turn              (no ring)
                                (no ring)
                                (no ring)

@: spider-form, wereblooded, flying, very slow
A: venomous fangs, almost no armour, (amphibious), 8 rings, tiny, (camouflage
1), (gelatinous body 1), (nimble swimmer 1), (tentacles)
a: End Transformation, Renounce Religion, Bend Time


You were on level 9 of the Dungeon.
You worshipped Cheibriados.
Cheibriados was pleased with you.
You were a venomous arachnid creature.
You visited 2 branches of the dungeon, and saw 10 of its levels.

You collected 458 gold pieces.

Inventory:

Hand Weapons
 i - a +0 club
Magical Staves
 d - a staff of conjuration
Jewellery
 f - a +4 ring of evasion (left front leg)
 p - a ring of flight (right front leg)
Wands
 g - a wand of iceblast (3)
 h - a wand of flame (10)
Scrolls
 b - 3 scrolls of magic mapping
 m - 4 scrolls of teleportation
 r - a scroll of enchant armour
Potions
 a - a potion of attraction {unknown}
 c - 2 potions of heal wounds
 e - 2 potions of brilliance
 j - a potion of resistance
 k - 5 potions of curing
 l - a potion of mutation {unknown}
 n - a potion of ambrosia
Miscellaneous
 q - a box of beasts (inert)


   Skills:
 + Level 5.6 Fighting
 + Level 4.9 Dodging
 - Level 7.0 Unarmed Combat
 * Level 5.6 Spellcasting
 * Level 5.6 Transmutations
 - Level 6.0 Ice Magic
 * Level 2.2 Earth Magic
 - Level 3.0 Poison Magic
 + Level 3.2 Invocations


You had 4 spell levels left.
You knew the following spells:

 Your Spells              Type           Power      Damage    Failure   Level
a - Beastly Appendage     Tmut           66%        N/A       4%          1
b - Wereblood             Tmut           33%        N/A       6%          2
c - Spider Form           Tmut/Pois      13%        N/A       13%         3
d - Ice Form              Ice/Tmut       34%        N/A       21%         4
e - Statue Form           Tmut/Erth      16%        N/A       98%         6

Your spell library contained the following spells:

 Spells                   Type           Power      Damage    Failure   Level
 Slow                     Hex            6%         N/A       30%         2
 Petrify                  Tmut/Erth      25%        N/A       34%         4
 Confusing Touch          Hex            6%         N/A       47%         3
 Vampiric Draining        Necr           3%         2d6       47%         3
 Passage of Golubria      Tloc           N/A        N/A       82%         4
 Metabolic Englaciation   Hex/Ice        10%        N/A       77%         5
 Silence                  Hex/Air        3%         N/A       98%         5
 Lehudib's Crystal Spear  Conj/Erth      6%         10d3      100%        8


Dungeon Overview and Level Annotations

Branches:
Dungeon (9/15)             Temple (1/1) D:6
   Lair: D:8-11         Orc: D:9-12

Altars:
Ashenzari
Cheibriados
Dithmenos
Elyvilon
Fedhas
Hepliaklqana
Kikubaaqudgha
Makhleb
Nemelex Xobeh
Okawaru
Ru
Sif Muna
Trog
Uskayaw
Vehumet
Wu Jian
Xom
Zin
The Shining One

Shops:
D:3 =

Portals:
Bailey: D:9

Annotations:
D:6 1 runed translucent door, MoonlitKnight's ghost, novice HOFi


Innate Abilities, Weirdness & Mutations

You are a venomous arachnid creature.
You have poisonous fangs.
You are tiny and dextrous.
Your spellcasting is less reliable in this form.
Your armour is entirely melded.
You are incapable of wielding weapons or throwing items.
You cannot wear most types of armour.
((You are amphibious.))
You can wear up to eight rings at the same time.
((Your skin changes colour to match your surroundings (Stealth+).))
((Your rubbery body absorbs attacks. (AC +1, EV +1)))
((You are camouflaged near water. (Stealth+)))
((You have tentacles for arms and can constrict up to eight enemies at once.))


Message History

The goblin throws a boomerang.
The boomerang barely misses your larval firesting beast.
The boomerang misses you.
The two-headed ogre hits your larval firesting beast with a +0 giant spiked club!!
Your larval firesting beast dies!
Your larval firesting beast's corpse disappears in a puff of smoke!
Casting: Spider Form (dangerous; 13% risk of failure)
Confirm with . or Enter, or press ? or * to list all spells.
Your blood is infused with primal strength.
The goblin throws a boomerang.
The boomerang completely misses you.
Aiming: Iceblast
Press: ? - help, Shift-Dir - straight line, f/p - two-headed ogre
Aim: a two-headed ogre, wielding a +0 giant spiked club and a +0 giant club (moderately wounded)
The mass of ice explodes!
The iceblast engulfs the two-headed ogre!
The two-headed ogre is severely wounded.
The goblin throws a boomerang.
The boomerang completely misses you.
You hit the two-headed ogre but do no damage.
The two-headed ogre is poisoned.
The two-headed ogre is severely wounded.
The goblin throws a boomerang.
The boomerang completely misses you.
The two-headed ogre hits you with a +0 giant spiked club!!
The two-headed ogre completely misses you.
The goblin throws a boomerang.
The boomerang misses you.
You hit the two-headed ogre.
The two-headed ogre looks even sicker.
The two-headed ogre is severely wounded.
The two-headed ogre misses you.
The two-headed ogre hits you with a +0 giant club!
You completely miss the two-headed ogre.
The two-headed ogre is severely wounded.
The goblin throws a boomerang.
The boomerang completely misses you.
You bite the two-headed ogre!
The two-headed ogre looks as sick as possible!
The two-headed ogre is almost dead.
The two-headed ogre hits you with a +0 giant spiked club!!
* * * LOW HITPOINT WARNING * * *
The two-headed ogre completely misses you.
The goblin throws a boomerang.
The boomerang completely misses you.
The goblin throws a boomerang.
The boomerang hits you.
You die...

.... ≈≈≈≈
...≈.+### >∩g≈.
..# ..g≈....#
≈≈≈≈..#.#
.......O#######
#.g.gs.......
#..##..####.)
... ...# .
..... #######


You could see a two-headed ogre (extremely poisoned) and 4 goblins.

Vanquished Creatures
  Maggie (D:7)
  3 yaks (D:8)
  Edmund (D:4)
  Purgy (D:4)
  2 orc warriors
  3 sky beasts
  2 black bears
  2 ogres
  A centaur (D:6)
  4 bullfrogs
  An elf skeleton (D:7)
  9 scorpions
  5 killer bees
  7 wights
  A bullfrog zombie (D:6)
  4 centaur zombies
  5 hounds
  3 jellies
  2 orc priests
  4 iguanas
  A bullfrog skeleton (D:6)
  Terence (D:2)
  6 orc wizards
  3 human skeletons (D:7)
  A hound zombie (D:5)
  2 hound skeletons (D:4)
  Robin (D:2)
  A gnoll (D:6)
  10 adders
  A shadow imp (D:8)
  A white imp (D:6)
  An ufetubus (D:6)
  2 dart slugs
  23 orcs
  7 ball pythons
  3 bats
  8 endoplasms
  3 giant cockroaches
  6 hobgoblins
  11 jackals
  8 quokkas
  4 frilled lizards
  13 goblins
  6 kobolds
  An orc skeleton (D:7)
  An orc zombie (D:7)
  7 rats
193 creatures vanquished.

Vanquished Creatures (others)
  A ball python (D:2)
  4 fungi (D:2)
  A plant (D:2)
6 creatures vanquished.

Grand Total: 199 creatures vanquished

Notes
Turn   | Place    | Note
-------+----------+-------------------------------------------
     0 | D:1      | inmateoo the Octopode Transmuter began the quest for the
                  | Orb.
     0 | D:1      | Reached XP level 1. HP: 13/13 MP: 3/3
    99 | D:1      | Reached XP level 2. HP: 5/18 MP: 3/5
   114 | D:1      | Learned a level 2 spell: Wereblood
   846 | D:1      | Reached XP level 3. HP: 23/23 MP: 4/6
   852 | D:1      | Learned a level 3 spell: Spider Form
  1583 | D:2      | Noticed Terence
  1598 | D:2      | Killed Terence
  1599 | D:2      | Reached XP level 4. HP: 12/29 MP: 3/7
  2198 | D:2      | Found a sacrificial altar of Ru.
  2433 | D:2      | Noticed Robin
  2460 | D:2      | Killed Robin
  2461 | D:2      | Reached XP level 5. HP: 33/34 MP: 5/9
  2802 | D:2      | Found a faded altar of an unknown god.
  2956 | D:3      | Found a sacrificial altar of Ru.
  3076 | D:3      | Found a burning altar of Makhleb.
  3853 | D:3      | Reached skill level 4 in Unarmed Combat
  3855 | D:3      | Found a shimmering altar of Xom.
  4145 | D:3      | Reached XP level 6. HP: 20/39 MP: 6/10
  4199 | D:3      | Found Ukhluppir's Jewellery Shop.
  4298 | D:4      | Learned a level 4 spell: Ice Form
  4634 | D:4      | Found a sparkling altar of Nemelex Xobeh.
  4661 | D:4      | Noticed Purgy
  4675 | D:4      | Killed Purgy
  4676 | D:4      | Reached skill level 1 in Ice Magic
  4676 | D:4      | Reached skill level 1 in Poison Magic
  4945 | D:4      | Found a blossoming altar of Fedhas.
  5006 | D:4      | You fall into a shaft and drop 1 floor!
  5006 | D:5      | Entered Level 5 of the Dungeon
  5085 | D:4      | Reached XP level 7. HP: 36/45 MP: 9/12
  5485 | D:4      | Noticed Edmund
  5502 | D:4      | Killed Edmund
  6161 | D:5      | Reached XP level 8. HP: 51/52 MP: 10/14
  6180 | D:5      | Reached skill level 5 in Unarmed Combat
  6807 | D:6      | Noticed MoonlitKnight's ghost (novice HOFi)
  6810 | D:6      | Found a runed translucent door.
  6890 | D:6      | Found a staircase to the Ecumenical Temple.
  6973 | Temple   | Entered the Ecumenical Temple
  7019 | Temple   | Became a worshipper of Cheibriados the Contemplative
  7370 | D:6      | Reached skill level 6 in Unarmed Combat
  7778 | D:6      | Reached skill level 5 in Ice Magic
  8220 | D:6      | Reached XP level 9. HP: 29/58 MP: 10/15
  8592 | D:6      | Reached * piety under Cheibriados
  9183 | D:7      | Found a white marble altar of Elyvilon.
  9189 | D:7      | Noticed Maggie
  9252 | D:7      | Reached skill level 1 in Invocations
  9300 | D:7      | Found a bloodstained altar of Trog.
  9444 | D:7      | Reached skill level 5 in Transmutations
  9459 | D:7      | Reached skill level 5 in Fighting
  9558 | D:7      | Reached ** piety under Cheibriados
  9764 | D:7      | Killed Maggie
  9765 | D:7      | Reached skill level 5 in Spellcasting
 10030 | D:8      | Learned a level 6 spell: Statue Form
 10046 | D:8      | Reached skill level 7 in Unarmed Combat
 10141 | D:8      | Reached XP level 10. HP: 66/66 MP: 13/17
 10393 | D:8      | Reached skill level 1 in Earth Magic
 11296 | D:9      | Found a flagged portal.
 11296 | D:9      | Noticed a two-headed ogre
 11306 | D:9      | HP: 2/67 [two-headed ogre (26)]
 11306 | D:9      | Hit by a boomerang thrown by a goblin

Illustrated notes

Levels and vault maps discovered:
D:1:      lemuel_arrival_rhombus, layout_loops_cross, hex_tiny,
          minmay_box_of_dots
D:2:      layout_loops_corners, basic_altar,
          shapermc_ecumenical_altar_mp_urbaneastern, uniq_terence, uniq_robin
D:3:      layout_rooms, lightli_temple_of_fire, nicolae_ru_sacrificial_ziggurat,
          mainiacjoe_overflow_tiny_flanked, nicolae_overflow_hidden_temple,
          serial_shops, shop, dk_noncrumbling_3
D:4:      layout_basic, kennysheep_little_box, nemelex_spade_bored_becter,
          uniq_purgy, uniq_edmund
D:5:      layout_cave_pools, kennysheep_minor_cross
D:6:      kennysheep_windowed_halls, layout_basic,
          minmay_temple_entry_enclosed_plants, hellmonk_ghost_happy_afterlife,
          kennysheep_generic_room_9
D:7:      layout_gridville, elyvilon_altar_3, trog_butcher_becter,
          nicolae_ossuary_entry_catacombs, minmay_holes, uniq_maggie
D:8:      layout_basic, chequers_serial_rivers_micro_b
D:9:      layout_stronghold, dk_yredelemnul_ordeal, david_lair_generic,
          enter_bailey_5
Temple:   minmay_temple_bridge_abc

Skill      XL: |  1  2  3  4  5  6  7  8  9 10 |
---------------+-------------------------------+-----
Fighting       | 2 3 4 5 |  5.6
Dodging        | 3 4 |  4.9
Transmutations | 3 4 5 |  5.6
Unarmed Combat | 4 6 7 |  7.0
Spellcasting   | 3 4 5 |  5.6
Ice Magic      | 1 2 5 6 |  6.0
Poison Magic   | 1 3 |  3.0
Invocations    | 2 3 |  3.2
Earth Magic    | 2 |  2.2

Action                   |  1- 3 |  4- 6 |  7- 9 | 10-12 || total
-------------------------+-------+-------+-------+-------++-------
Melee: Unarmed           |    79 |   178 |   291 |    72 ||   620
       Constrict         |    19 |    37 |    16 |     2 ||    74
       Tentacles         |    15 |    20 |    14 |     1 ||    50
       Punch             |     2 |     1 |     7 |       ||    10
       Kick              |     9 |    23 |     6 |       ||    38
 Cast: Beastly Appendage |    11 |    16 |     2 |       ||    29
       Spider Form       |     1 |     3 |    21 |     1 ||    26
       Wereblood         |       |    12 |     8 |     3 ||    23
       Ice Form          |       |       |    10 |     6 ||    16
 Abil: End Transformatio |       |     1 |     2 |       ||     3
Evoke: Wand              |       |       |       |     3 ||     3
       Box of beasts     |       |       |       |     1 ||     1
  Use: Scroll            |     2 |     3 |    11 |     4 ||    20
       Potion            |       |     4 |       |       ||     4
 Stab: Sleeping          |     5 |     2 |     3 |     2 ||    12
Armor: Skin              |     4 |    15 |    42 |    11 ||    72
Dodge: Dodged            |    52 |   135 |   226 |    77 ||   490
